 Dungeon Crawl Stone Soup version 0.27-a0-203-gd48b2df3c9 (webtiles) character file.

Game seed: 7908867126704538473

571 iamserjio the Skirmisher (level 7, -5/60 HPs)
             Began as a Gnoll Abyssal Knight on Jan 30, 2021.
             Was a Believer of Lugonu.
             Slain by Pikel
             ... wielding a +0 whip of flaming
              (7 damage)
             ... on level 4 of the Dungeon.
             The game lasted 00:09:33 (1306 turns).

iamserjio the Skirmisher (Gnoll Abyssal Knight)     Turns: 1306, Time: 00:09:34

Health: -5/60      AC:  7    Str:  9 (11) XL:     7   Next: 34%
Magic:  11/11      EV:  6    Int: 11 (13) God:    Lugonu [**....]
Gold:   225        SH:  7    Dex:  9 (12) Spells: 8/10 levels left

rFire    . . .     SeeInvis .   x - +3 war axe
rCold    . . .     Faith    .   s - +0 kite shield
rNeg     . . .     Spirit   .   c - +0 scale mail
rPois    .         Reflect  .   (no helmet)
rElec    .         Harm     .   (no cloak)
rCorr    .         Rampage  .   (no gloves)
Will     .....                  (no boots)
Stlth    ..........             (no amulet)
HPRegen  0.20/turn              (no ring)
MPRegen  0.12/turn              (no ring)

@: no status effects
A: distributed training, fangs 1, strong nose
a: Renounce Religion, Depart the Abyss, Bend Space


You were on level 4 of the Dungeon.
You worshipped Lugonu.
Lugonu was pleased with you.
You visited 1 branch of the dungeon, and saw 5 of its levels.
You visited the Abyss 1 time.

You collected 225 gold pieces.

Inventory:

Hand Weapons
 a - a +1 hand axe
 h - a +0 dagger of draining
 p - a +0 flail
 t - a +0 war axe
 w - a cursed +5 short sword
 x - a +3 war axe (weapon)
 D - a +2 dagger of venom
Missiles
 q - 11 boomerangs
 r - 30 bolts
 A - 2 javelins (quivered)
 B - 15 stones
 C - 98 arrows
Armour
 b - a +0 leather armour
 c - a +0 scale mail (worn)
 s - a +0 kite shield (worn)
Magical Staves
 y - an uncursed staff of fire
Scrolls
 e - 2 scrolls of remove curse {@r2}
 f - a scroll of blinking {unknown}
 l - 2 scrolls of noise {unknown}
 n - 2 scrolls of identify {unknown}
 v - a scroll of fog {unknown}
 E - a scroll of enchant weapon {unknown}
Potions
 d - a potion of heal wounds {unknown}
 g - a potion of curing {@q1}
 i - a potion of mutation {unknown}
 j - a potion of attraction {unknown}
 k - a potion of degeneration
 m - a potion of berserk rage {unknown}
 o - a potion of cancellation {unknown}
 z - a potion of flight {unknown}
 F - a potion of resistance {unknown}


   Skills:
 + Level 7.0 Fighting
 + Level 2.4 Short Blades
 + Level 2.4 Long Blades
 + Level 5.2 Axes
 + Level 2.4 Maces & Flails
 + Level 2.4 Polearms
 + Level 2.4 Staves
 + Level 2.4 Slings
 + Level 2.4 Bows
 + Level 2.4 Crossbows
 + Level 2.4 Throwing
 + Level 5.2 Armour
 + Level 3.6 Dodging
 + Level 2.4 Stealth
 + Level 2.4 Shields
 + Level 2.4 Unarmed Combat
 + Level 2.4 Spellcasting
 + Level 2.0 Conjurations
 + Level 2.0 Hexes
 + Level 2.0 Summonings
 + Level 2.0 Necromancy
 + Level 2.0 Translocations
 + Level 2.0 Transmutations
 + Level 2.0 Fire Magic
 + Level 2.0 Ice Magic
 + Level 2.0 Air Magic
 + Level 2.0 Earth Magic
 + Level 2.0 Poison Magic
 + Level 5.3 Invocations
 + Level 2.4 Evocations


You had 8 spell levels left.
You knew the following spells:

 Your Spells              Type           Power        Failure   Level
a - Apportation           Tloc           10%          99%         1
b - Animate Skeleton      Necr           10%          99%         1

Your spell library contained the following spells:

 Spells                   Type           Power        Failure   Level
 Corona                   Hex            5%           99%         1
 Summon Small Mammal      Summ           20%          99%         1


Dungeon Overview and Level Annotations

Branches:
Dungeon (5/15)             Temple (0/1) D:5

Altars:
Ashenzari
Dithmenos
Fedhas
Nemelex Xobeh
Qazlal
Wu Jian
Xom
Yredelemnul
The Shining One

Annotations:
D:4 1 runed translucent door, Pikel; SamuraiZach's ghost, amateur TrFi


Innate Abilities, Weirdness & Mutations

Your experience applies equally to all skills.
You have very sharp teeth.
Your uncanny sense of smell can sniff out nearby items.


Message History

You hit Pikel but do no damage.
Pikel hits you with a +0 whip of flaming.
* * * LOW HITPOINT WARNING * * *
Pikel burns you.
* * * LOW HITPOINT WARNING * * *
Throw: 4 javelins
Aim: Pikel, wielding a +0 whip of flaming and wearing a +2 robe of fire resistance (heavily wounded, 51% to hit)
You throw a javelin. The javelin closely misses Pikel.
The javelin closely misses the lemure.
Pikel hits you with a +0 whip of flaming.
* * * LOW HITPOINT WARNING * * *
Pikel burns you.
* * * LOW HITPOINT WARNING * * *
Pikel hits you but does no damage.
Throw: 3 javelins
Aim: Pikel, wielding a +0 whip of flaming and wearing a +2 robe of fire resistance (heavily wounded, 51% to hit)
You throw a javelin. The javelin pierces through Pikel.
The javelin pierces through the lemure!
Pikel hits you with a +0 whip of flaming!
You die...

##..............#.
#...#..>...##...#.
#..###...........#
##......##.##...##
###.#..#.........
#.#.##.........
#######.....#.......
#..##...............
#..@K5(...(.........
#..####.........###.
#... #..........##..
###.#..#........#<..
.#..#............
........#.......#
....#.##.##.....##
....###..##.......
..... ##.#........


You could see Pikel and a lemure.

Vanquished Creatures
  Duvessa (D:5)
  An ogre (D:4)
  3 lemures (D:4)
  Dowan (D:5)
  3 wights (D:3)
  A hound (D:5)
  An orc priest (D:4)
  2 worker ants
  5 adders
  A shadow imp (D:5)
  A worm (D:4)
  3 leopard geckos
  6 orcs
  2 giant cockroaches
  3 goblins (D:3)
  A hobgoblin (D:3)
  3 jackals (D:5)
  2 quokkas (D:4)
  A ball python (D:3)
  2 bats
  2 frilled lizards (D:3)
  2 kobolds
  2 rats
49 creatures vanquished.

Notes
Turn   | Place    | Note
-------+----------+-------------------------------------------
     0 | Abyss:1  | iamserjio the Gnoll Abyssal Knight began the quest for the
                  | Orb.
     0 | Abyss:1  | Reached XP level 1. HP: 23/23 MP: 3/3
    12 | Abyss:1  | Found a corrupted altar of Lugonu.
    31 | D:1      | Escaped the Abyss
    91 | D:1      | Found a sparkling altar of Nemelex Xobeh.
   232 | D:2      | Reached XP level 2. HP: 21/29 MP: 5/5
   471 | D:2      | Reached XP level 3. HP: 29/35 MP: 6/6
   559 | D:3      | Found an ornate altar of the Wu Jian Council.
   561 | D:3      | Found a sparkling altar of Nemelex Xobeh.
   561 | D:3      | Found a blossoming altar of Fedhas.
   563 | D:3      | Found a shimmering altar of Xom.
   563 | D:3      | Found a broken altar of Ashenzari.
   563 | D:3      | Found an ornate altar of the Wu Jian Council.
   567 | D:3      | Reached ** piety under Lugonu
   627 | D:3      | Reached skill level 1 in Short Blades
   627 | D:3      | Reached skill level 1 in Long Blades
   627 | D:3      | Reached skill level 1 in Maces & Flails
   627 | D:3      | Reached skill level 1 in Polearms
   627 | D:3      | Reached skill level 1 in Staves
   627 | D:3      | Reached skill level 1 in Slings
   627 | D:3      | Reached skill level 1 in Bows
   627 | D:3      | Reached skill level 1 in Crossbows
   627 | D:3      | Reached skill level 1 in Throwing
   627 | D:3      | Reached skill level 1 in Stealth
   627 | D:3      | Reached skill level 1 in Shields
   627 | D:3      | Reached skill level 1 in Unarmed Combat
   627 | D:3      | Reached skill level 1 in Spellcasting
   627 | D:3      | Reached skill level 1 in Evocations
   627 | D:3      | Reached XP level 4. HP: 16/41 MP: 7/7
   632 | D:3      | Reached skill level 1 in Conjurations
   632 | D:3      | Reached skill level 1 in Hexes
   632 | D:3      | Reached skill level 1 in Summonings
   632 | D:3      | Reached skill level 1 in Necromancy
   632 | D:3      | Reached skill level 1 in Translocations
   632 | D:3      | Reached skill level 1 in Transmutations
   632 | D:3      | Reached skill level 1 in Fire Magic
   632 | D:3      | Reached skill level 1 in Ice Magic
   632 | D:3      | Reached skill level 1 in Air Magic
   632 | D:3      | Reached skill level 1 in Earth Magic
   632 | D:3      | Reached skill level 1 in Poison Magic
   632 | D:3      | Reached XP level 5. HP: 18/47 MP: 8/8
   654 | D:4      | Noticed an ogre
   656 | D:4      | Noticed a lemure
   657 | D:4      | Noticed Pikel
   657 | D:4      | Noticed a lemure
   657 | D:4      | Noticed a lemure
   657 | D:4      | Noticed a lemure
   678 | D:3      | Found a stormy altar of Qazlal.
   678 | D:3      | Found a shadowy altar of Dithmenos.
   678 | D:3      | Found a glowing golden altar of the Shining One.
   678 | D:3      | Found a basalt altar of Yredelemnul.
   824 | D:5      | Entered Level 5 of the Dungeon
   832 | D:5      | Reached skill level 5 in Invocations
   832 | D:5      | Reached XP level 6. HP: 11/53 MP: 9/9
   840 | D:5      | Found a staircase to the Ecumenical Temple.
   930 | D:5      | Noticed Dowan
  1072 | D:5      | Noticed Duvessa
  1077 | D:5      | Killed Duvessa
  1078 | D:5      | Reached skill level 5 in Axes
  1078 | D:5      | Reached skill level 5 in Armour
  1080 | D:5      | Killed Dowan
  1081 | D:5      | Reached XP level 7. HP: 44/59 MP: 10/10
  1119 | D:4      | Reached skill level 7 in Fighting
  1191 | D:4      | Found a runed translucent door.
  1193 | D:4      | Noticed SamuraiZach's ghost (amateur TrFi)
  1198 | D:4      | Learned a level 1 spell: Apportation
  1200 | D:4      | Learned a level 1 spell: Animate Skeleton
  1305 | D:4      | HP: 2/60 [Pikel/+0 whip of flaming (3)]
  1306 | D:4      | Slain by Pikel

Illustrated notes

Levels and vault maps discovered:
D:1:      dpeg_arrival_pits, layout_basic, nemelex_xobeh_ov_fountains_minmay
D:2:      layout_loops_ring, chequers_serial_rivers_micro_d, corner_web_ring,
          minmay_misc_feat_x, minmay_misc_feat_diagonals, lightli_corner_chamber
D:3:      layout_loops_ring, nicolae_overflow_hidden_temple,
          doesnt_xom_only_xom, uniq_crazy_yiuf_cottage
D:4:      layout_cave_pools, gammafunk_ghost_grave, uniq_pikel
D:5:      layout_loops_ring, general_overflow_altar,
          minmay_temple_entry_slanted, nemelex_spade_bored_becter, uniq_duvessa,
          uniq_grinder

Skill      XL: |  1  2  3  4  5  6  7 |
---------------+----------------------+-----
Short Blades   | 1 2 |  2.4
Long Blades    | 1 2 |  2.4
Maces & Flails | 1 2 |  2.4
Polearms       | 1 2 |  2.4
Staves         | 1 2 |  2.4
Slings         | 1 2 |  2.4
Bows           | 1 2 |  2.4
Crossbows      | 1 2 |  2.4
Throwing       | 1 2 |  2.4
Stealth        | 1 2 |  2.4
Shields        | 1 2 |  2.4
Unarmed Combat | 1 2 |  2.4
Spellcasting   | 1 2 |  2.4
Evocations     | 1 2 |  2.4
Conjurations   | 1 2 |  2.0
Hexes          | 1 2 |  2.0
Summonings     | 1 2 |  2.0
Necromancy     | 1 2 |  2.0
Translocations | 1 2 |  2.0
Transmutations | 1 2 |  2.0
Fire Magic     | 1 2 |  2.0
Ice Magic      | 1 2 |  2.0
Air Magic      | 1 2 |  2.0
Earth Magic    | 1 2 |  2.0
Poison Magic   | 1 2 |  2.0
Dodging        | 3 |  3.6
Invocations    | 5 |  5.3
Axes           | 5 |  5.2
Armour         | 5 |  5.2
Fighting       | 7 |  7.0

Action                   |  1- 3 |  4- 6 |  7- 9 || total
-------------------------+-------+-------+-------++-------
Melee: Hand axe          |    20 |       |       ||    20
       Dagger            |    31 |       |       ||    31
       Bite              |     3 |     2 |     4 ||     9
       Flail             |     9 |    11 |       ||    20
       War axe           |       |    49 |    39 ||    88
Throw: Boomerang         |       |     4 |     3 ||     7
       Javelin           |       |       |     5 ||     5
       Throwing net      |       |       |     2 ||     2
  Use: Potion            |     1 |     1 |     7 ||     9
       Scroll            |       |     4 |       ||     4
Armor: Leather armour    |     8 |       |       ||     8
       Scale mail        |    14 |    32 |    15 ||    61
Dodge: Dodged            |    27 |    27 |    11 ||    65
Block: Kite shield       |    14 |    29 |    22 ||    65

Table legend: (Time is in decaauts)
 A = Elapsed time spent in this place.
 B = Non-inter-level travel time spent in this place.
 C = Inter-level travel time spent in this place.
 D = Time resting spent in this place.
 E = Time spent auto-exploring this place.
 F = Levels seen in this place.
 G = Mean time per level.
                   A        B        C        D        E       F      G
               +--------+--------+--------+--------+--------+-----+--------+
         Total |   1396 |   1233 |    163 |      0 |      0 |   6 |  232.7 |
       Dungeon |   1365 |   1202 |    163 |      0 |      0 |   5 |  273.0 |
         Abyss |     31 |     31 |      0 |      0 |      0 |   1 |   31.0 |
               +--------+--------+--------+--------+--------+-----+--------+

Top non-repeatable levels by time:
     D:3: 495 daAuts
     D:4: 368 daAuts
     D:5: 247 daAuts
     D:1: 153 daAuts
     D:2: 100 daAuts
 Abyss:1: 31 daAuts
